 Dungeon Crawl Stone Soup version 0.18.1-48-g4cf74bf (webtiles) character file.

168 torvon the Charmwright (level 5, -1/41 HPs)
             Began as a Merfolk Skald on Aug 8, 2016.
             Slain by an orc (4 damage)
             ... on level 3 of the Dungeon.
             The game lasted 00:15:36 (2996 turns).

torvon the Charmwright (Merfolk Skald)              Turns: 2996, Time: 00:15:37

Health: -1/41      AC:  3    Str: 12    XL:     5   Next: 48%
Magic:  2/8        EV: 10    Int: 13    God:
Gold:   162        SH:  3    Dex: 13    Spells: 3 memorised, 2 levels left

rFire  + . .     SeeInvis .     a - +0 spear
rCold  + . .     Gourm    .     b - +0 leather armour
rNeg   . . .     Faith    .     n - +0 buckler
rPois  +         Spirit   .     (no helmet)
rElec  +         Dismiss  .     (no cloak)
rCorr  +         Reflect  .     (no gloves)
SustAt .         Harm     .     (no boots)
MR     .....                    (no amulet)
Stlth  +.........               (no ring)
                                m - ring of resist corrosion

@: resistant, infused, very slightly contaminated, not resistant to hostile
enchantments, very unstealthy
A: change form in water, swift swim
a: no special abilities


You were on level 3 of the Dungeon.
You were not hungry.

You visited 1 branch of the dungeon, and saw 4 of its levels.

You collected 162 gold pieces.

Inventory:

Hand Weapons
 a - a +0 spear (weapon)
 e - a +0 hand axe
 k - a cursed -2 dagger
 u - a cursed -3 dagger
Missiles
 h - 18 arrows
Armour
 b - a +0 leather armour (worn)
 n - a +0 buckler (worn)
Jewellery
 m - a ring of resist corrosion (left hand)
Scrolls
 f - 2 scrolls of identify {unknown}
 g - a scroll of enchant weapon {unknown}
 o - a scroll of blinking {unknown}
 r - a scroll of enchant armour {unknown}
 t - 2 scrolls of remove curse {unknown}
Potions
 d - a potion of agility {unknown}
 i - 2 potions of magic
 j - 2 potions of cure mutation
 l - 2 potions of degeneration {unknown}
 p - 2 potions of lignification
 v - 2 potions of brilliance {unknown}
 w - a potion of berserk rage {unknown}
Books
 c - a book of Battle

   Spells                             Type                      Level
   a - Infusion                       Charms                       1
   b - Shroud of Golubria             Charms/Translocation         2
   c - Song of Slaying                Charms                       2
   d - Spectral Weapon                Hexes/Charms                 3
   e - Regeneration                   Charms/Necromancy            3
 s - an Akashic Record

   Spells                             Type                      Level
   a - Dispersal                      Translocation                6
   b - Malign Gateway                 Summoning/Translocation      7
   c - Disjunction                    Translocation                8
   d - Controlled Blink               Translocation                8
Comestibles
 q - a beef jerky


   Skills:
 + Level 3.1 Fighting
 + Level 4.4 Polearms
 - Level 0.9 Armour
 - Level 1.3 Dodging
 + Level 0.0 Shields
 - Level 2.2 Spellcasting
 * Level 5.2 Charms


You had 2 spell levels left.
You knew the following spells:

 Your Spells              Type           Power        Failure   Level  Hunger
a - Infusion              Chrm           ###.         10%         1    ##.....
b - Shroud of Golubria    Chrm/Tloc      #.........   30%         2    ###....
c - Spectral Weapon       Hex/Chrm       #.......     61%         3    ####...


Dungeon Overview and Level Annotations

Branches:
Dungeon (4/15)
 Temple: D:4-7

Altars:
Gozag
Sif Muna

Annotations:
D:4 torvon's ghost, weakling MfIE


Message History

* * * LOW HITPOINT WARNING * * *
The orc hits you with a dagger of protection.
* * * LOW HITPOINT WARNING * * *
There is a stone staircase leading up here.
The quokka skeleton bites you but does no damage.
The adder bites you but does no damage. The orc hits you but does no damage.
You block the orc's attack.
You climb upwards.
There is a stone staircase leading down here.
It was a potion of resistance.
You feel protected. The orc barely misses you.
Casting: Shroud of Golubria
Confirm with . or Enter, or press ? or * to list all spells.
You miscast Spectral Weapon.
Nothing appears to happen.
The orc hits you.
* * * LOW HITPOINT WARNING * * *
You hit the orc.
The orc is moderately wounded.
The orc hits you.
You die...

#...# #...# #...#
#...# #...# #...#
#...#
##...#############
.............Soo@#
#...##############
....# #.#.#
#################
#'#.#
#...............#
....#
######.#############.#
....# #......# #.....#
....# #.######
#.###### ....# #.#
#.#.....


You could see an adder and 2 orcs.

Vanquished Creatures
  The ghost of WarriorsX the Magician, an amateur HECj (D:3)
  3 adders
  A worm (D:3)
  A dart slug (D:3)
  3 giant geckos
  An orc (D:3)
  A ball python (D:2)
  8 bats
  7 giant cockroaches
  6 goblins
  3 hobgoblins
  6 jackals (D:3)
  5 kobolds
  5 giant newts
  9 rats
60 creatures vanquished.

Notes
Turn   | Place    | Note
--------------------------------------------------------------
     0 | D:1      | torvon the Merfolk Skald began the quest for the Orb.
     0 | D:1      | Reached XP level 1. HP: 16/16 MP: 3/3
   196 | D:1      | Reached XP level 2. HP: 3/23 MP: 3/5
   884 | D:2      | Reached skill level 4 in Charms
   884 | D:2      | Reached XP level 3. HP: 28/28 MP: 3/6
   933 | D:2      | Found an opulent altar of Gozag.
  1223 | D:2      | Found a deep blue altar of Sif Muna.
  1432 | D:3      | Learned a level 2 spell: Shroud of Golubria
  1436 | D:3      | Learned a level 3 spell: Spectral Weapon
  1798 | D:3      | Reached XP level 4. HP: 29/34 MP: 0/7
  2136 | D:3      | Noticed WarriorsX's ghost (amateur HECj)
  2765 | D:3      | Killed WarriorsX's ghost
  2765 | D:3      | Reached skill level 5 in Charms
  2765 | D:3      | Reached XP level 5. HP: 21/41 MP: 0/8
  2984 | D:4      | Noticed torvon's ghost (weakling MfIE)
  2996 | D:3      | Slain by an orc

Skill      XL: |  1  2  3  4 |
---------------+-------------+-----
Charms         | 4 5 |  5.2
Fighting       | 3 |  3.1
Polearms       | 4 |  4.4
Armour         | |  0.9
Dodging        | |  1.3
Spellcasting   | |  2.2

Action                   |  1- 3 |  4- 6 || total
-------------------------+-------+-------++-------
Melee: Spear             |   155 |    85 ||   240
 Cast: Infusion          |     9 |     5 ||    14
       Shroud of Golubri |     1 |     3 ||     4
       Spectral Weapon   |       |     2 ||     2
  Use: Potion            |       |     4 ||     4
  Eat: Bread ration      |     1 |     1 ||     2
       Beef jerky        |       |     1 ||     1
Armor: Leather armour    |    46 |    23 ||    69
Dodge: Dodged            |    87 |    72 ||   159
Block: Buckler           |       |     4 ||     4
